 Dungeon Crawl Stone Soup version 0.29-a0-359-g541a27f54d (webtiles) character file.

Game seed: 408363617933900199

147 chopper the Chopper (level 5, -2/54 HPs)
             Began as an Ogre Gladiator on Apr 28, 2022.
             Slain by a lemure (7 damage)
             ... led by Pikel
             ... on level 4 of the Dungeon.
             The game lasted 00:19:58 (3700 turns).

chopper the Chopper (Ogre Gladiator)                Turns: 3700, Time: 00:19:58

Health: -2/54      AC:  5    Str: 18    XL:     5   Next: 29%
Magic:  5/5        EV: 10    Int:  9    God:
Gold:   220        SH:  0    Dex: 12    Spells: 4/4 levels left

rFire   . . .      SeeInvis .   x - +7 spear "Sacsaiji" {chaos, rC++}
rCold   + + .      Faith    .   (no shield)
rNeg    . . .      Spirit   .   b - +0 robe
rPois   .          Reflect  .   i - +2 hat
rElec   .          Harm     .   (no cloak)
rCorr   .          Rampage  .   (gloves unavailable)
Will    .....                   (boots unavailable)
Stlth   +.........              (no amulet)
HPRegen 0.18/turn               (no ring)
MPRegen 0.09/turn               (no ring)

@: no status effects
A: large, unfitting armour, tough skin 1
a: no special abilities


You were on level 4 of the Dungeon.
You visited 1 branch of the dungeon, and saw 4 of its levels.

You collected 220 gold pieces.

Inventory:

Hand Weapons
 a - a +0 war axe
 j - a +0 dagger of freezing
 x - the +7 spear "Sacsaiji" (weapon) {chaos, rC++}
   (You found it on level 4 of the Dungeon)

   Each time it hits an enemy it has a different, random effect.
   rC:        It greatly protects you from cold.
Missiles
 c - 4 poisoned darts
 d - 3 throwing nets
 e - a large rock
 p - a boomerang (quivered)
Armour
 b - a +0 robe (worn)
 i - a +2 hat (worn)
 m - a +0 pair of gloves
Jewellery
 q - a ring of ice
Scrolls
 k - a scroll of enchant armour {unknown}
 l - a scroll of vulnerability {unknown}
 n - 3 scrolls of teleportation
 o - a scroll of fog {unknown}
 u - a scroll of summoning {unknown}
 v - a scroll of magic mapping {unknown}
 w - a scroll of noise {unknown}
Potions
 f - a potion of magic {unknown}
 g - a potion of flight
 h - 2 potions of degeneration
 r - a potion of berserk rage {unknown}
 s - a potion of haste {unknown}
 t - a potion of heal wounds {unknown}


   Skills:
 + Level 3.7 Fighting
 + Level 4.6 Axes
 + Level 2.1 Throwing
 + Level 3.4 Dodging
 + Level 0.6 Stealth


You had 4 spell levels left.
You didn't know any spells.
Your spell library contained the following spells:

 Spells                   Type           Power      Damage    Failure   Level
 Beastly Appendage        Tmut           0%         N/A       38%         1
 Call Imp                 Summ           0%         N/A       52%         2
 Wereblood                Tmut           0%         N/A       52%         2
 Gell's Gravitas          Tloc           0%         N/A       77%         3
 Lesser Beckoning         Tloc           0%         N/A       77%         3
 Spider Form              Tmut/Pois      0%         N/A       77%         3
 Teleport Other           Tloc           0%         N/A       77%         3
 Alistair's Intoxication  Tmut/Pois      0%         N/A       100%        5
 Summon Forest            Summ/Tloc      0%         N/A       100%        5
 Spellforged Servitor     Conj/Summ      0%         N/A       100%        7


Dungeon Overview and Level Annotations

Branches:
Dungeon (4/15)
 Temple: D:4-7

Altars:

Shops:
D:2 =*

Annotations:
D:4 Pikel


Innate Abilities, Weirdness & Mutations

You are too large for most types of armour.
You have tough skin. (AC +1)


Message History

The quokka bites you but does no damage.
You puncture the endoplasm!
You kill the endoplasm!
The quokka barely misses you.
You puncture Pikel!
Pikel is lightly wounded.
The quokka bites you but does no damage.
Pikel says, "Hell isn't that bad."
Pikel hits you with a +0 whip of freezing.
Pikel freezes you.
You puncture Pikel!
Pikel is poisoned.
Pikel is moderately wounded.
The quokka closely misses you. Pikel hits you but does no damage.
You hit Pikel but do no damage.
Pikel is heavily wounded.
The quokka bites you.
Pikel hits you with a +0 whip of freezing!
Pikel freezes you. The lemure barely misses you.
You closely miss Pikel.
Pikel is heavily wounded.
The quokka closely misses you. The lemure hits you but does no damage.
The lemure misses you. Pikel closely misses you. The lemure closely misses you.
You completely miss Pikel.
Pikel is heavily wounded.
The quokka bites you but does no damage.
The lemure barely misses you.
Pikel hits you with a +0 whip of freezing!
* * * LOW HITPOINT WARNING * * *
The lemure barely misses you. The quokka misses you. The lemure hits you.
* * * LOW HITPOINT WARNING * * *
You hit Pikel.
Pikel flickers and vanishes!
Deactivating autopickup; reactivate with Ctrl-A.
The quokka completely misses you. The lemure hits you.
* * * LOW HITPOINT WARNING * * *
The lemure hits you but does no damage. Something hits you.
* * * LOW HITPOINT WARNING * * *
The lemure hits you but does no damage.
You closely miss something. The quokka closely misses you.
The lemure closely misses you. The lemure hits you!
You die...

## #.## ###>..##
##5@5...##
#.r{5....#
#.........#
##........##
#.........#
#.........#
##.......?..
######..##.....
###...#5$.######


You could see 3 lemures and a quokka.

Vanquished Creatures
  A lemure (D:3)
  A hound (D:4)
  Terence (D:3)
  A gnoll (D:2)
  An adder (D:2)
  3 worms
  A dart slug (D:2)
  3 orcs (D:3)
  3 ball pythons
  6 bats
  6 endoplasms
  A giant cockroach (D:3)
  3 goblins
  8 hobgoblins
  4 jackals (D:3)
  A quokka (D:2)
  5 frilled lizards
  5 kobolds
  A rat (D:1)
  A spectral kobold (D:1)
56 creatures vanquished.

Notes
Turn   | Place    | Note
-------+----------+-------------------------------------------
     0 | D:1      | chopper the Ogre Gladiator began the quest for the Orb.
     0 | D:1      | Reached XP level 1. HP: 22/22 MP: 1/1
   297 | D:1      | Got Qabotue's Collected Works on Calling and Contamination
   582 | D:1      | Reached XP level 2. HP: 29/29 MP: 2/2
   590 | D:1      | Found a faded altar of an unknown god.
  1333 | D:2      | Found Redowamu's General Store.
  1347 | D:2      | Reached XP level 3. HP: 24/37 MP: 3/3
  1590 | D:2      | Found Gise's Jewellery Shoppe.
  2263 | D:3      | Reached XP level 4. HP: 43/45 MP: 4/4
  2323 | D:3      | Reached skill level 4 in Axes
  3327 | D:3      | Noticed Terence
  3337 | D:3      | Killed Terence
  3420 | D:4      | Reached XP level 5. HP: 48/54 MP: 5/5
  3459 | D:4      | Noticed a lemure
  3460 | D:4      | Noticed Pikel
  3461 | D:4      | Noticed a lemure
  3461 | D:4      | Noticed a lemure
  3486 | D:3      | Killed a lemure
  3670 | D:4      | Noticed a lemure
  3690 | D:4      | Identified the +7 spear "Sacsaiji" {chaos, rC++}
  3700 | D:4      | Slain by a lemure

Illustrated notes

Levels and vault maps discovered:
D:1:      dpeg_arrival_round_a, layout_loops_ring,
          dreamdust_ecumenical_altar_drowned_temple
D:2:      layout_rooms, serial_shops, nicolae_shop_trees, nicolae_square_shop
D:3:      layout_basic, dreamdust_wishing_well, chequers_serial_rivers_marsh,
          hangedman_decor_push, uniq_terence
D:4:      layout_cave_pools, grunt_decor_resistance, uniq_pikel

Skill      XL: |  1  2  3  4 |
---------------+-------------+-----
Fighting       | 3 |  3.7
Dodging        | 3 |  3.4
Axes           | 4 |  4.6
Throwing       | |  2.1
Stealth        | |  0.6

Action                   |  1- 3 |  4- 6 || total
-------------------------+-------+-------++-------
Melee: War axe           |   130 |    86 ||   216
       Spear             |       |     8 ||     8
Throw: Boomerang         |       |     2 ||     2
       Large rock        |       |     1 ||     1
  Use: Scroll            |       |     4 ||     4
 Stab: Sleeping          |     2 |     1 ||     3
Armor: Robe              |    82 |    34 ||   116
Dodge: Dodged            |   124 |    81 ||   205

Table legend: (Time is in decaauts)
 A = Elapsed time spent in this place.
 B = Non-inter-level travel time spent in this place.
 C = Inter-level travel time spent in this place.
 D = Time resting spent in this place.
 E = Time spent auto-exploring this place.
 F = Levels seen in this place.
 G = Mean time per level.
                   A        B        C        D        E       F      G
               +--------+--------+--------+--------+--------+-----+--------+
         Total |   3805 |   3805 |      0 |   1059 |      0 |   4 |  951.2 |
       Dungeon |   3805 |   3805 |      0 |   1059 |      0 |   4 |  951.2 |
               +--------+--------+--------+--------+--------+-----+--------+

Top non-repeatable levels by time:
     D:1: 1399 daAuts
     D:2: 1227 daAuts
     D:3: 1086 daAuts
     D:4: 91 daAuts
